 Dungeon Crawl Stone Soup version 0.31-a0-819-gf6de2f5ab6 (webtiles) character file.

Game seed: 9476242156310923410

205 qw the Shooter (level 5, -2/31 HPs)
             Began as a Gargoyle Hunter on Sept 23, 2023.
             Was an Initiate of Okawaru.
             Killed from afar by an orc wizard (8 damage)
             ... with a magic dart
             ... on level 3 of the Dungeon.
             The game lasted 00:00:27 (1491 turns).

qw the Shooter (Gargoyle Hunter)                    Turns: 1491, Time: 00:00:28

Health: -2/31      AC: 10    Str: 14    XL:     5   Next: 83%
Magic:  5/5        EV: 10    Int: 10    God:    Okawaru [......]
Gold:   88         SH:  0    Dex: 15    Spells: 4/4 levels left

rFire   . . .        Y - +0 shortbow
rCold   . . .        (shield currently unavailable)
rNeg    + + .        b - +0 ring mail
rPois   inf          (no helmet)
rElec   +            (no cloak)
rCorr   .            (no gloves)
SInv    .            h - +0 pair of boots
Will    .....        (no amulet)
Stlth   +            e - ring of positive energy
HPRegen 0.25/turn    (no ring)
MPRegen 0.09/turn

%: no passive effects
@: no status effects
A: sickness immunity, AC +4, negative energy resistance 1, electricity
resistance, torment resistance 1, petrification resistance
a: Renounce Religion


You were on level 3 of the Dungeon.
You worshipped Okawaru.
Okawaru was noncommittal.
You visited 1 branch of the dungeon, and saw 3 of its levels.

You collected 88 gold pieces.


Innate Abilities, Weirdness & Mutations

You are immune to sickness and miasma.
Your stone body is resilient. (AC +4)
You are immune to poison.
You resist negative energy. (rN+)
You are resistant to electric shocks. (rElec)
You are resistant to unholy torment.
You are immune to petrification.


   Skills:
 + Level 2.4 Fighting
 - Level 6.7 Ranged Weapons
 - Level 1.0 Armour
 - Level 1.5 Dodging
 - Level 1.1 Stealth


You had 4 spell levels left.
You didn't know any spells.
Your spell library was empty.

Inventory:

Hand Weapons
 Y - a +0 shortbow (weapon)
Armour
 b - a +0 ring mail (worn)
 h - a +0 pair of boots (worn)
Jewellery
 e - a ring of positive energy (left hand)
Scrolls
 c - a scroll of vulnerability {unknown}
Potions
 a - a potion of might {unknown}
 d - a potion of attraction {unknown}
 f - a potion of degeneration {unknown}

Dungeon Overview and Level Annotations

Branches:
Dungeon (3/15)

Altars:
Okawaru

Annotations:
D:3 Jessica


Message History

You shoot an arrow. The arrow barely misses the orc wizard.
The arrow hits the orc but does no damage.
Jessica casts a spell at you.
You barely resist. The orc barely misses you.
The orc hits you but does no damage.
The orc wizard hits you but does no damage.
You shoot an arrow.
The arrow closely misses the orc wizard.
The arrow closely misses the orc.
Jessica hits you but does no damage. The orc barely misses you.
The orc closely misses you. The orc wizard misses you.
Jessica barely misses you. The orc closely misses you.
The orc wizard closely misses you. The hobgoblin closely misses you.
The orc hits you but does no damage.
You shoot an arrow. The arrow closely misses the hobgoblin.
Jessica completely misses you. Jessica hits you with a +0 dagger.
The hobgoblin misses you. The orc barely misses you.
The orc hits you but does no damage.
You shoot an arrow. The arrow hits the hobgoblin.
You kill the hobgoblin!
Okawaru accepts your kill. Jessica hits you with a +0 dagger.
The orc hits you from afar with a +0 trident. x2
The orc wizard hits you with a +0 dagger.
Jessica hits you with a +0 dagger.
You shoot an arrow.
The arrow closely misses the orc wizard.
The arrow hits the orc.
The orc is severely wounded.
Jessica gestures wildly while chanting.
Jessica blinks!
The orc barely misses you. The orc hits you but does no damage.
The orc wizard barely misses you.
You shoot an arrow. The arrow hits the orc wizard.
The orc wizard is heavily wounded.
Jessica gestures wildly while chanting.
Jessica blinks!
The orc closely misses you.
The orc hits you from afar with a +0 trident.
The orc wizard gestures at you while chanting.
The magic dart hits you!
You die...

#. #. ###¤##
..... # #..#
.#.####.######
.....o.......#
.....oo¤.....#
.#####@####.#
#....#.#
####.#.#####...
######.^.........
.........########
########.# #.#
#.# #.#


You could see an orc wizard and 2 orcs.

Vanquished Creatures
  Sigmund (D:2)
  An adder (D:2)
  An orc (D:3)
  3 ball pythons
  2 bats (D:1)
  2 endoplasms
  2 giant cockroaches
  6 goblins
  6 hobgoblins
  A quokka (D:1)
  A frilled lizard (D:1)
  4 kobolds
  6 rats (D:1)
36 creatures vanquished.

Notes
Turn   | Place    | Note
-------+----------+-------------------------------------------
     0 | D:1      | qw the Gargoyle Hunter began the quest for the Orb.
     0 | D:1      | Reached XP level 1. HP: 12/12 MP: 1/1
     0 | D:1      | 0 ||| qw: Version: 0.3-a-83-gcd0e7d8
     0 | D:1      | 0 ||| qw: Game counter: 1743
     0 | D:1      | 0 ||| qw: Melee chars always use a shield: true
     0 | D:1      | 0 ||| qw: God list: Okawaru
     0 | D:1      | 0 ||| qw: Allow faded altars: false
     0 | D:1      | 0 ||| qw: Do Orc after clearing Dungeon:15 true
     0 | D:1      | 0 ||| qw: Do second Lair branch before Depths: true
     0 | D:1      | 0 ||| qw: Lair rune preference: random
     0 | D:1      | 0 ||| qw: Goals: Normal
     0 | D:1      | 0 ||| PLANNING D:1-11
   150 | D:1      | Reached XP level 2. HP: 17/17 MP: 2/2
   423 | D:1      | Found a faded altar of an unknown god.
   655 | D:1      | 655 ||| UPGRADING to +0 pair of boots.
   660 | D:1      | 660 ||| UPGRADING to ring of positive energy.
   661 | D:1      | 661 ||| READING scroll labelled CIXKEA GIMMESS.
   662 | D:1      | 662 ||| DROPPING scroll of butterflies.
   890 | D:2      | Reached XP level 3. HP: 21/21 MP: 3/3
   892 | D:2      | Noticed Sigmund
   894 | D:2      | HP: 4/21 [Sigmund/+1 heavy scythe (17)]
   899 | D:2      | Killed Sigmund
   900 | D:2      | Reached skill level 6 in Ranged Weapons
   900 | D:2      | Reached XP level 4. HP: 7/26 MP: 4/4
   900 | D:2      | Reached XP level 5. HP: 8/30 MP: 5/5
  1055 | D:2      | Found an iron altar of Okawaru.
  1056 | D:2      | 1056 ||| PLANNING OKAWARU WORSHIP
  1056 | D:2      | 1056 ||| UPGRADING to +0 ring mail.
  1066 | D:2      | 1066 ||| DROPPING +0 leather armour.
  1067 | D:2      | 1067 ||| READING scroll labelled YTHROWK YHERHO.
  1068 | D:2      | 1068 ||| READING scroll labelled BEUWIN OHUF.
  1069 | D:2      | 1069 ||| READING scroll labelled AGIUSALYMO.
  1115 | D:2      | Became a worshipper of Warmaster Okawaru
  1116 | D:2      | 1116 ||| PLANNING D:1-11
  1262 | D:2      | Reached skill level 1 in Armour
  1476 | D:3      | Noticed Jessica
  1491 | D:3      | HP: 6/31 [orc/+0 trident (6)]
  1491 | D:3      | Killed from afar by an orc wizard

Levels and vault maps discovered:
D:1:      dpeg_arrival_ratfight, layout_loops_ring, ebering_ecumenical_altar_box
D:2:      layout_loops_cross, basic_altar, uniq_sigmund
D:3:      minmay_diamond_boxcup, layout_loops_ring, uniq_natasha, uniq_jessica,
          uniq_robin

Skill      XL: |  1  2  3  4  5 |
---------------+----------------+-----
Ranged Weapons | 6 |  6.7
Armour         | 1 |  1.0
Fighting       | |  2.4
Dodging        | |  1.5
Stealth        | |  1.1

Action                     |  1- 3 |  4- 6 || total
---------------------------+-------+-------++-------
   Fire: Shortbow          |    57 |    40 ||    97
    Use: Scroll            |     1 |     3 ||     4
 Armour: Leather armour    |     4 |       ||     4
         Ring mail         |       |    27 ||    27
  Dodge: Dodged            |     4 |    23 ||    27

Table legend:
 A = Non-vault XP
 B = Vault XP
 C = Vault XP percentage of total XP
 D = Non-vault monster count
 E = Vault monster count
 F = Vault count percentage of total count
                 A         B        C        D         E       F
            +---------+---------+-------+---------+---------+-------
      Total |      65 |     228 |  77.8 |      30 |       6 |  16.7
            +---------+---------+-------+---------+---------+-------
        D:1 |      21 |       5 |  19.2 |      13 |       5 |  27.8
        D:2 |      35 |     223 |  86.4 |      13 |       1 |   7.1
        D:3 |       9 |       0 |   0.0 |       4 |       0 |   0.0
            +---------+---------+-------+---------+---------+-------
